 Dungeon Crawl Stone Soup version 0.26-a0-388-gf3277c4969 (webtiles) character file.

Game seed: 3309935764002431305

9716 BeastOfSaturn the Destroyer (level 11, -9/89 HPs)
             Began as a Demonspawn Conjurer on July 16, 2020.
             Was a Believer of Dithmenos.
             Mangled by an unseen horror (11 damage)
             ... on level 10 of the Dungeon on July 21, 2020.
             The game lasted 00:52:48 (15135 turns).

BeastOfSaturn the Destroyer (Demonspawn Conjurer)  Turns: 15135, Time: 00:52:49

Health: -9/89      AC:  7    Str: 10    XL:     11   Next: 26%
Magic:  0/26       EV: 12    Int: 20    God:    Dithmenos [**....]
Gold:   600        SH:  5    Dex: 16    Spells: 11/18 levels left

rFire    + . .     SeeInvis .   a - +1 dagger of Dougupn {freeze, rPois MR+}
rCold    . . .     Faith    .   k - +0 buckler
rNeg     . . .     Spirit   +   w - +2 leather armour {MR+}
rPois    +         Reflect  .   s - +1 helmet
rElec    .         Harm     .   (no cloak)
rCorr    .                      (no gloves)
MR       ++...                  (no boots)
Stlth    ++++++....             (no amulet)
HPRegen  0.24/turn              o - ring of flight
MPRegen  0.40/turn              c - ring of magical power

@: wreathed by umbra
A: hooves 1, thin skeletal structure 2, fire resistance 1, magic shield, magic
regeneration
a: Shadow Step, Renounce Religion, Evoke Flight


You were on level 10 of the Dungeon.
You worshipped Dithmenos.
Dithmenos was pleased with you.
You visited 3 branches of the dungeon, and saw 12 of its levels.

You collected 600 gold pieces.

Inventory:

Hand Weapons
 a - the +1 dagger of Dougupn (weapon) {freeze, rPois MR+}
   (You found it on level 4 of the Dungeon)

   It has been specially enchanted to freeze those struck by it, causing extra
   injury to most foes and up to half again as much damage against particularly
   susceptible opponents.
   It can also slow down cold-blooded creatures.
   It protects you from poison.
   It affects your resistance to hostile enchantments.
 b - a +3 scimitar of flaming
Armour
 k - a +0 buckler (worn)
 s - a +1 helmet (worn)
 w - a +2 leather armour of magic resistance (worn)
Jewellery
 c - a ring of magical power (right hand)
 o - a ring of flight (left hand)
Wands
 r - a wand of flame (18)
 u - a wand of random effects (10)
 D - a wand of paralysis (10)
 F - a wand of iceblast (13)
 L - a wand of acid (11)
 M - a wand of polymorph (11)
Scrolls
 f - 2 scrolls of teleportation
 g - a scroll of fog
 j - 7 scrolls of identify
 v - a scroll of random uselessness {unknown}
 x - a scroll of fear
 y - 2 scrolls of blinking {unknown}
 z - 2 scrolls of remove curse
 A - a scroll of amnesia
Potions
 i - 2 potions of magic {unknown}
 m - 3 potions of curing
 n - a potion of heal wounds
 q - 3 potions of haste {unknown}
 B - 2 potions of might {unknown}
 C - 2 potions of invisibility {unknown}
 E - a potion of resistance {unknown}
 G - a potion of cancellation {unknown}
 H - a potion of mutation {unknown}
 J - a potion of brilliance {unknown}
 K - a potion of berserk rage {unknown}
Miscellaneous
 N - a tin of tremorstones (3/3)


   Skills:
 - Level 9.0 Fighting
 * Level 6.0 Short Blades
 * Level 3.4 Armour
 - Level 2.0 Dodging
 - Level 8.0 Stealth
 - Level 4.0 Shields
 - Level 4.0 Spellcasting
 * Level 9.8 Conjurations
 - Level 0.3 Hexes


You had 11 spell levels left.
You knew the following spells:

 Your Spells              Type           Power        Failure   Level
a - Magic Dart            Conj           ####         1%          1
b - Searing Ray           Conj           #####.       1%          2
c - Fulminant Prism       Conj/Hex       ###.......   21%         4

Your spell library contained the following spells:

 Spells                   Type           Power        Failure   Level
 Dazzling Flash           Conj/Hex       ###...       6%          3
 Stone Arrow              Conj/Erth      ###...       7%          3
 Freeze                   Ice            #...         17%         1
 Sandblast                Erth           #.....       17%         1
 Iskenderun's Mystic Bla  Conj/Tloc      ###.....     22%         4
 Passwall                 Tmut/Erth      #.......     26%         2
 Petrify                  Tmut/Erth      #.......     86%         4
 Lee's Rapid Deconstruct  Erth           #.........   99%         5
 Ozocubu's Refrigeration  Ice            #.........   100%        6


Dungeon Overview and Level Annotations

Branches:
Dungeon (10/15)            Temple (1/1) D:5            Lair (1/6) D:8
    Orc (0/2) D:10

Altars:
Ashenzari
Cheibriados
Dithmenos
Elyvilon
Fedhas
Gozag
Hepliaklqana
Kikubaaqudgha
Makhleb
Nemelex Xobeh
Okawaru
Qazlal
Ru
Sif Muna
Trog
Uskayaw
Vehumet
Wu Jian
Xom
Yredelemnul
Zin
The Shining One


Innate Abilities, Weirdness & Mutations

You have large cloven feet.
You have a moderately thin skeletal structure. (Dex +4, Stealth+)
Your flesh is heat resistant. (rF+)
When hurt, damage is shared between your health and your magic reserves.
You regenerate magic rapidly.


Message History

Something hits you!
* * * LOW HITPOINT WARNING * * *
You feel much better. Something hits you but does no damage.
Something hits you.
* * * LOW HITPOINT WARNING * * *
Something hits you!
* * * LOW HITPOINT WARNING * * *
Something hits you.
* * * LOW HITPOINT WARNING * * *
Casting: Searing Ray (safe; 1% risk of failure)
Confirm with . or Enter, or press ? or * to list all spells.
Press: ? - help, Shift-Dir - straight line The searing ray hits something. (Press . to maintain the ray.)
Something hits you.
* * * LOW HITPOINT WARNING * * *
Something hits you.
* * * LOW HITPOINT WARNING * * *
Something hits you!
You die...

#.##8###8###.###8#######
######.#####################
............................
............................
............................
.####....................... .#
#....................... .#
#....................... .#
#...........@........... ##
#<..........{..........h
#............{..........
#####.....................h..####
."...............................
..............[............?.....
.......................##########
..###################..# ..# ..#


There were no monsters in sight!

Vanquished Creatures
  Erica (D:8)
  A two-headed ogre (D:8)
  Pikel (D:7)
  2 elephants
  A cane toad (Lair:1)
  A komodo dragon (D:8)
  4 blink frogs
  4 yaks (D:10)
  Eustachio (D:4)
  A steam dragon (D:8)
  Menkaure (D:4)
  A hornet zombie (D:10)
  5 orc warriors
  Purgy (D:4)
  An ice beast (D:8)
  5 sky beasts
  2 black bears (D:6)
  2 centaurs
  5 ogres
  A crocodile (Lair:1)
  Blork the orc (D:3)
  A big kobold (D:8)
  6 bullfrogs
  A gnoll sergeant (D:8)
  2 scorpions
  15 killer bees
  4 howler monkeys
  5 wights (D:10)
  A vampire bat (D:5)
  A quasit (D:9)
  3 hounds
  A jelly (D:8)
  3 orc priests (D:10)
  2 centaur skeletons
  5 orc wizards
  A bullfrog skeleton (D:10)
  2 iguanas
  14 worker ants
  A hound skeleton (D:6)
  A worker ant zombie (D:5)
  18 gnolls
  5 adders
  A white imp (D:9)
  An adder zombie (D:9)
  8 worms
  4 dart slugs
  3 fire bats (D:5)
  5 leopard geckos
  19 orcs
  2 spectral bats (D:5)
  17 bats
  3 bat skeletons (D:5)
  A bat zombie (D:5)
  2 giant cockroaches
  9 goblins
  10 hobgoblins
  3 jackals
  13 kobolds
  6 quokkas
  A bat simulacrum (D:5)
  4 frilled lizards
  A jackal skeleton (D:4)
  A jackal zombie (D:5)
  A leopard gecko skeleton (D:5)
  14 rats
263 creatures vanquished.

Vanquished Creatures (others)
  A steam dragon (D:8)
  A fungus (Lair:1)
  A plant (D:8)
3 creatures vanquished.

Grand Total: 266 creatures vanquished

Notes
Turn   | Place    | Note
-------+----------+-------------------------------------------
     0 | D:1      | BeastOfSaturn the Demonspawn Conjurer began the quest for
                  | the Orb.
     0 | D:1      | Reached XP level 1. HP: 13/13 MP: 3/3
   265 | D:1      | You fall into a shaft and drop 1 floor!
   431 | D:1      | Gained mutation: You have a somewhat thin skeletal
                  | structure. (Dex +2, Stealth) [demonic ancestry]
   431 | D:1      | Reached XP level 2. HP: 19/19 MP: 3/5
   503 | D:1      | Learned a level 2 spell: Searing Ray
  1655 | D:2      | Gained mutation: Your flesh is heat resistant. (rF+)
                  | [demonic ancestry]
  1655 | D:2      | Reached XP level 3. HP: 24/24 MP: 3/6
  1717 | D:2      | Reached skill level 5 in Conjurations
  2897 | D:3      | Gained mutation: When hurt, damage is shared between your
                  | health and your magic reserves. [demonic ancestry]
  2897 | D:3      | Reached XP level 4. HP: 30/30 MP: 7/7
  3218 | D:3      | Found a sparkling altar of Nemelex Xobeh.
  3760 | D:3      | Gained mutation: You have a moderately thin skeletal
                  | structure. (Dex +4, Stealth+) [demonic ancestry]
  3760 | D:3      | Reached XP level 5. HP: 33/35 MP: 9/9
  3837 | D:3      | Found a shimmering altar of Xom.
  4041 | D:4      | Noticed Blork the orc
  4047 | D:4      | Reached skill level 1 in Shields
  4059 | D:3      | Killed Blork the orc
  4338 | D:3      | Upgraded the game from 0.26-a0-317-ge2f3d4a7ca to
                  | 0.26-a0-376-g13fbb91ece
  4376 | D:4      | Noticed an ogre
  4383 | D:4      | Killed an ogre
  4383 | D:4      | Gained mutation: You have large cloven feet. [demonic
                  | ancestry]
  4383 | D:4      | Reached XP level 6. HP: 41/41 MP: 11/11
  4498 | D:4      | Got an iridescent dagger
  4499 | D:4      | Identified the cursed +1 dagger of Dougupn {freeze, rPois
                  | MR+} (You found it on level 4 of the Dungeon)
  4521 | D:4      | Noticed Eustachio
  4539 | D:4      | Killed Eustachio
  4733 | D:4      | Noticed Purgy
  4746 | D:4      | Killed Purgy
  4746 | D:4      | Reached XP level 7. HP: 31/46 MP: 8/13
  5011 | D:4      | Found a glowing golden altar of the Shining One.
  5054 | D:4      | Reached skill level 1 in Short Blades
  5277 | D:4      | Reached skill level 1 in Fighting
  5332 | D:4      | Noticed Menkaure
  5343 | D:4      | Killed Menkaure
  5858 | D:5      | Entered Level 5 of the Dungeon
  6058 | D:5      | Reached XP level 8. HP: 47/56 MP: 14/14
  6388 | D:5      | Found a staircase to the Ecumenical Temple.
  6397 | Temple   | Entered the Ecumenical Temple
  7567 | D:6      | Reached skill level 5 in Short Blades
  7840 | D:6      | Found a shadowy altar of Dithmenos.
  7849 | D:6      | Became a worshipper of Dithmenos the Shadowed
  8029 | D:6      | Found a shimmering altar of Xom.
  8093 | D:6      | Reached XP level 9. HP: 58/66 MP: 15/15
  8192 | D:6      | Found a blossoming altar of Fedhas.
  8240 | D:6      | Found a shadowy altar of Dithmenos.
  8243 | D:6      | Found an ornate altar of the Wu Jian Council.
  8246 | D:6      | Found an ancient bone altar of Kikubaaqudgha.
  8332 | D:7      | Noticed Pikel
  8341 | D:7      | Killed Pikel
  8341 | D:7      | Reached skill level 5 in Fighting
  8829 | D:7      | Found a basalt altar of Yredelemnul.
  8862 | D:7      | Found a glowing silver altar of Zin.
  9332 | D:7      | Found a shimmering blue altar of Sif Muna.
  9490 | D:8      | Reached skill level 5 in Stealth
 10092 | D:8      | Noticed a two-headed ogre
 10104 | D:8      | Killed a two-headed ogre
 10104 | D:8      | Gained mutation: You regenerate magic rapidly. [demonic
                  | ancestry]
 10104 | D:8      | Reached XP level 10. HP: 40/80 MP: 9/16
 10281 | D:8      | Noticed Erica
 10292 | D:8      | Killed Erica
 10422 | D:8      | Found a staircase to the Lair.
 10801 | D:8      | Found a bloodstained altar of Trog.
 10861 | D:8      | Upgraded the game from 0.26-a0-376-g13fbb91ece to
                  | 0.26-a0-388-gf3277c4969
 10866 | Lair:1   | Entered Level 1 of the Lair of Beasts
 10866 | Lair:1   | Noticed a cane toad
 10872 | Lair:1   | Learned a level 4 spell: Fulminant Prism
 10877 | Lair:1   | Killed a cane toad
 10877 | Lair:1   | Reached * piety under Dithmenos
 10888 | Lair:1   | Noticed an elephant
 10891 | Lair:1   | Noticed an elephant
 10894 | Lair:1   | Noticed an elephant
 10895 | Lair:1   | Noticed an elephant
 10896 | Lair:1   | Noticed a cane toad
 10940 | D:8      | Killed an elephant
 11276 | Lair:1   | Killed an elephant
 12590 | D:9      | Found an opulent altar of Gozag.
 12594 | D:9      | Found a shattered altar of Ashenzari.
 12599 | D:9      | Found a hide-covered altar of Uskayaw.
 13295 | D:10     | Entered Level 10 of the Dungeon
 13355 | D:10     | Reached skill level 1 in Armour
 13387 | D:10     | Reached XP level 11. HP: 86/89 MP: 17/17
 13857 | D:10     | Reached ** piety under Dithmenos
 14782 | D:10     | Found a staircase to the Orcish Mines.
 15079 | D:10     | Identified Vir Siro's Almanac of the Glacier
 15135 | D:10     | HP: 2/89 [something (3)]
 15135 | D:10     | Mangled by an unseen horror

Illustrated notes

Levels and vault maps discovered:
D:1:      elethiomel_arrival_maze, layout_loops_corners
D:2:      layout_rooms
D:3:      layout_loops_ring, old_standard_altar, tgw_xom
D:4:      layout_loops_ring, tso_metal_star, uniq_blork_the_orc, uniq_eustachio,
          uniq_purgy, uniq_menkaure
D:5:      layout_loops_ring, minmay_temple_entry_nine_rooms, goddamned_bats
D:6:      black_bear_nest_2, layout_gridville, kennysheep_mini_moat,
          grunt_temple_overflow_diamond, kennysheep_little_box,
          grunt_dithmenos_smoke_and_mirrors
D:7:      layout_gridville, nicolae_overflow_hidden_temple, zin_treasury,
          lemuel_blue_sif_altar, uniq_pikel
D:8:      layout_basic, lemuel_coloured_pillars_altar, david_lair_shrubbed,
          uniq_erica
D:9:      layout_basic, minmay_overflow_temple_star_quad
D:10:     layout_long_grid, david_orc_4, serial_glass, glass_columns_a,
          glass_columns_a
Temple:   kb_temple_of_zot
Lair:1:   minmay_lair_venomous_thicket, layout_gridlike, grunt_megastairs_2,
          uniq_harold

Skill      XL: |  1  2  3  4  5  6  7  8  9 10 11 |
---------------+----------------------------------+-----
Conjurations   | 5 6 7 8 9 |  9.8
Dodging        | 2 |  2.0
Shields        | 1 2 3 4 |  4.0
Spellcasting   | 3 4 |  4.0
Short Blades   | 3 5 6 |  6.0
Fighting       | 2 4 7 9 |  9.0
Stealth        | 2 3 5 8 |  8.0
Armour         | 1 3 |  3.4
Hexes          | |  0.3

Action                   |  1- 3 |  4- 6 |  7- 9 | 10-12 || total
-------------------------+-------+-------+-------+-------++-------
Melee: Unarmed           |     5 |       |       |       ||     5
       Dagger            |    24 |    61 |   379 |   256 ||   720
       Short sword       |    33 |       |       |       ||    33
       Kick              |       |     6 |    90 |    64 ||   160
       Scimitar          |       |       |       |    13 ||    13
 Cast: Magic Dart        |    20 |       |       |       ||    20
       Searing Ray       |    15 |    14 |    23 |    54 ||   106
  Use: Scroll            |     3 |     5 |     6 |     1 ||    15
       Potion            |       |       |       |     4 ||     4
 Stab: Sleeping          |     3 |     5 |    17 |    11 ||    36
       Distracted        |       |       |       |     1 ||     1
Armor: Robe              |     9 |    16 |       |       ||    25
       Leather armour    |       |     9 |   146 |    99 ||   254
       Skin              |       |       |       |     9 ||     9
Dodge: Dodged            |    46 |    52 |   317 |   219 ||   634
Block: Buckler           |       |       |    31 |    94 ||   125
       Rpst.: Scimitar   |       |       |       |     2 ||     2

Table legend: (Time is in decaauts)
 A = Elapsed time spent in this place.
 B = Non-inter-level travel time spent in this place.
 C = Inter-level travel time spent in this place.
 D = Time resting spent in this place.
 E = Time spent auto-exploring this place.
 F = Levels seen in this place.
 G = Mean time per level.
                   A        B        C        D        E       F      G
               +--------+--------+--------+--------+--------+-----+--------+
         Total |  15022 |  14705 |    317 |   3536 |   8542 |  12 | 1251.8 |
       Dungeon |  14679 |  14362 |    317 |   3536 |   8466 |  10 | 1467.9 |
        Temple |     95 |     95 |      0 |      0 |     76 |   1 |   95.0 |
          Lair |    247 |    247 |      0 |      0 |      0 |   1 |  247.0 |
               +--------+--------+--------+--------+--------+-----+--------+
Top levels by time: D:10: 1809 daAuts D:8: 1265 daAuts D:9: 894 daAuts Lair:1: 247 daAuts Note: time per level data comes from an upgraded game and may be incomplete.
